 Dungeon Sprint DCSS version 0.16-a0-3330-g2931290 (webtiles) character file.

496 BluebellGnoll the Bludgeoner (level 11, -6/119 HPs)
             Began as an Ogre Berserker on Dec 28, 2014.
             Was a High Priest of Trog.
             Mangled by a boulder beetle (36 damage)
             ... in the Dungeon (Sprint VI: "Thunderdome").
             The game lasted 00:21:29 (1121 turns).

BluebellGnoll the Bludgeoner (Ogre Berserker)       Turns: 1121, Time: 00:21:29

Health: -6/119     AC:  6    Str: 30    XL:     11   Next: 9%
Magic:  20/20      EV: 18    Int:  5    God:    Trog [*****.]
Gold:   143        SH:  0    Dex: 16    Spells: 0 memorised, 10 levels left

rFire  + + +     SeeInvis .     B - +1 dire flail (holy)
rCold  . . .     Clarity  .     q - +2 robe {rF+}
rNeg   + . .     SustAb   .     (shield restricted)
rPois  .         Gourm    .     n - +0 hat of Defence {Str+3}
rElec  .         Spirit   .     x - +0 cloak
rCorr  +         Warding  .     (gloves unavailable)
rMut   .         NoTele   +     (boots unavailable)
MR     +++..                    r - amulet "Feneexuc" {rCorr rF++ Int+2 Dex+2}
Stlth  +.........               t - ring "Gunykk" {rF+ Str+3 Int-3}
                                b - ring of Ropsuha {Wiz Contam +Blink rF+ rN+ MR++ Dex+2}

@: extremely resistant to hostile enchantments, very unstealthy
A: unfitting armour, tough skin 1
a: Burn Spellbooks, Berserk, Trog's Hand, Brothers in Arms, Renounce Religion,
Evoke Blink
}: 1/15 runes: serpentine


You were in the Dungeon.
You worshipped Trog.
Trog was extremely pleased with you.
You were not hungry.

You visited 1 branch You collected 830 gold pieces.
You spent 687 gold pieces at shops.

Inventory:

Hand weapons
 p - a +0 whip of flaming
 u - a +4 antimagic giant club
 z - a +1 halberd of protection
 B - a +1 dire flail of holy wrath (weapon)
Missiles
 w - 2 silver tomahawks (quivered)
 y - a tomahawk of dispersal
Armour
 n - the +0 hat of Defence (worn) {Str+3}
   (You bought it in a shop in the Dungeon)

   It affects your strength (+3).
 q - a +2 robe of fire resistance (worn)
 x - a +0 cloak (worn)
Jewellery
 b - the ring of Ropsuha (left hand) {Wiz Contam +Blink rF+ rN+ MR++ Dex+2}
   (You bought it in a shop in the Dungeon)

   [ring of wizardry]

   It improves your spell success rate.
   It affects your dexterity (+2).
   It protects you from fire.
   It protects you from negative energy.
   It affects your resistance to hostile enchantments.
   It lets you blink.
   It causes magical contamination when unequipped.
 r - the amulet "Feneexuc" (around neck) {rCorr rF++ Int+2 Dex+2}
   (You bought it in a shop in the Dungeon)

   [amulet of resist corrosion]

   It protects you from acid and corrosion.
   It affects your intelligence (+2).
   It affects your dexterity (+2).
   It greatly protects you from fire.
 s - the ring of Curiosity {+Fly Str+4 Dex+4}
   (You bought it in a shop in the Dungeon)

   [ring of flight]

   It affects your strength (+4).
   It affects your dexterity (+4).
   It lets you fly.
 t - the ring "Gunykk" (right hand) {rF+ Str+3 Int-3}
   (You bought it in a shop in the Dungeon)

   [ring of protection from fire]

   It affects your strength (+3).
   It affects your intelligence (-3).
   It protects you from fire.
 v - the ring "Loudis" {rN+ Str+3 Stlth+}
   (You bought it in a shop in the Dungeon)

   [ring of strength]

   It affects your strength (+3).
   It protects you from negative energy.
   It makes you more stealthy.
Magical devices
 a - a wand of slowing (15)
 j - a wand of cold (3)
 k - a wand of fire (5)
 o - a wand of confusion (18)
Scrolls
 i - 4 scrolls of blinking
 l - 3 scrolls of fog
Potions
 d - a potion of curing
 e - 2 potions of heal wounds
 f - 4 potions of haste
 g - 2 potions of magic
 h - a potion of berserk rage
 m - a potion of resistance
Comestibles
 c - a meat ration
 A - 4 chunks of flesh


   Skills:
 + Level 10.6 Fighting
 - Level 18.1 Maces & Flails
 - Level 12.2 Throwing
 - Level 2.0 Armour
 - Level 12.1 Dodging
 - Level 6.0 Evocations


You had 10 spell levels left.
You didn't know any spells.

Dungeon Overview and Level Annotations

Branches:
Dungeon (1/1)

Altars:
Cheibriados
Dithmenos
Elyvilon
Fedhas
Gozag
Kikubaaqudgha
Makhleb
Nemelex Xobeh
Okawaru
Qazlal
Ru
Sif Muna
Trog
Vehumet
Xom
Yredelemnul
Zin
The Shining One
Jiyva
Lugonu

Shops:
D *[%??*?*:[((!!!!


Innate Abilities, Weirdness & Mutations

You are too large for most types of armour.
You have tough skin (AC +1).


Message History

The boulder beetle is almost dead.
You hit the boulder beetle but do no damage.
The boulder beetle is almost dead.
You sock the boulder beetle!
The boulder beetle is almost dead.
The boulder beetle bites you!!
* * * LOW HITPOINT WARNING * * *
You hit the boulder beetle but do no damage.
The boulder beetle is almost dead.
You hit the boulder beetle but do no damage.
The boulder beetle is almost dead.
The boulder beetle misses you.
You hit the boulder beetle.
The boulder beetle is almost dead.
You hit the boulder beetle.
The boulder beetle is almost dead.
You hit the boulder beetle but do no damage.
The boulder beetle is almost dead.
The boulder beetle bites you!!!
You die...

#⌠..........###...###..(.......
##...)....[....###.............
###∩...../.)8.# #.8..(.....∩##
##∩___.()...###......___∩##
######(8.........8.######
#(......[....⌠# ###.........###
#........_# #_B@....._#
#.....)[..# #∩..)....∩#
##∩.....∩## ##.....## ##⌠⌠⌠##
#####


You could see a boulder beetle.

Vanquished Creatures
  An anaconda (D)
  Pikel (D)
  A rust devil (D)
  8 deep elf priests (D)
  A queen bee (D)
  3 wolves (D)
  2 earth elementals (D)
  A gnoll sergeant (D)
  5 killer bees (D)
  An iron imp (D)
  Crazy Yiuf (D)
  A hound (D)
  3 gnoll shamans (D)
  Ijyb (D)
  2 gnolls (D)
  A goblin (D)
  2 kobolds (D)
35 creatures vanquished.

Vanquished Creatures (collateral kills)
  A gargoyle (D)
  A boulder beetle (D)
  An earth elemental (D)
3 creatures vanquished.

Vanquished Creatures (others)
  An ogre (D)
1 creature vanquished.

Grand Total: 39 creatures vanquished

Notes
Turn   | Place    | Note
--------------------------------------------------------------
     0 | D        | BluebellGnoll, the Ogre Berserker, began the quest for the Orb.
     0 | D        | Reached XP level 1. HP: 24/24 MP: 1/1
     1 | D        | Found a blossoming altar of Fedhas.
     1 | D        | Found an ancient bone altar of Kikubaaqudgha.
     2 | D        | Found an opulent altar of Gozag.
     2 | D        | Found a sparkling altar of Nemelex Xobeh.
     3 | D        | Found a glowing golden altar of the Shining One.
     4 | D        | Found a burning altar of Makhleb.
     4 | D        | Found Razyacae's Weapon Rack.
     4 | D        | Found Zimuidu's Basic Armour.
     5 | D        | Round 1.
     7 | D        | Found Erin's Premium Goods.
     7 | D        | Found Thoenkun's Miscellaneous Merchandise.
    12 | D        | Bought a +0 giant spiked club for 57 gold pieces
    18 | D        | Found a basalt altar of Yredelemnul.
    19 | D        | Found a sacrificial altar of Ru.
    19 | D        | Found an iron altar of Okawaru.
    20 | D        | Found Phyudous' Identification Station.
    20 | D        | Noticed Ijyb
    21 | D        | Found Kubiuz's Advanced Armour.
    22 | D        | Found a white marble altar of Elyvilon.
    22 | D        | Found a snail-covered altar of Cheibriados.
    28 | D        | Killed Ijyb
    28 | D        | Reached skill level 5 in Fighting
    28 | D        | Reached skill level 5 in Maces & Flails
    28 | D        | Reached XP level 2. HP: 23/36 MP: 2/2
    29 | D        | Found a radiant altar of Vehumet.
    34 | D        | Found Manan's Jewellery.
    35 | D        | Found Coat's Bee Food.
    46 | D        | Acquired Trog's second power
    46 | D        | Reached skill level 6 in Maces & Flails
    63 | D        | Found a deep blue altar of Sif Muna.
    95 | D        | Found Puasaix's Do-It-Yourself Clinic.
    95 | D        | Found Guiwkan's Bottled Wisdom.
    96 | D        | Found a bloodstained altar of Trog.
    97 | D        | Found Ughy's Distillery.
    97 | D        | Found a corrupted altar of Lugonu.
    99 | D        | Found Huroemuc's Distillery.
   112 | D        | Found a shimmering altar of Xom.
   114 | D        | Found a viscous altar of Jiyva.
   114 | D        | Found a stormy altar of Qazlal.
   114 | D        | Found Klulah's Staff Store.
   114 | D        | Found Miahes' Must-Have Magic.
   116 | D        | Found a glowing silver altar of Zin.
   116 | D        | Found Scher's Magic Scroll Shop.
   117 | D        | Found a shadowy altar of Dithmenos.
   118 | D        | Found Cheedwi Cone's Magic Scroll Shop.
   133 | D        | Noticed Pikel
   145 | D        | Killed Pikel
   145 | D        | Arena points: 12 (+12) [x2]
   145 | D        | Reached skill level 17 in Maces & Flails
   145 | D        | Reached XP level 3. HP: 12/44 MP: 3/3
   145 | D        | Reached XP level 4. HP: 14/52 MP: 4/4
   145 | D        | Reached XP level 5. HP: 15/59 MP: 5/5
   145 | D        | Reached XP level 6. HP: 17/67 MP: 6/6
   145 | D        | Reached XP level 7. HP: 18/74 MP: 7/7
   157 | D        | Bought a warped platinum amulet for 45 gold pieces
   157 | D        | Bought a twitching platinum ring for 45 gold pieces
   157 | D        | Bought a coiled pewter ring for 45 gold pieces
   157 | D        | Identified the amulet "Feneexuc" {rCorr rF++ Int+2 Dex+2} (You bought it in a shop in the Dungeon)
   158 | D        | Identified the ring of Curiosity {+Fly Str+4 Dex+4} (You bought it in a shop in the Dungeon)
   159 | D        | Identified the ring "Gunykk" {rF+ Str+3 Int-3} (You bought it in a shop in the Dungeon)
   182 | D        | Round 2.
   229 | D        | Noticed Crazy Yiuf
   235 | D        | Killed Crazy Yiuf
   244 | D        | Acquired Trog's third power
   269 | D        | Reached skill level 18 in Maces & Flails
   281 | D        | Arena points: 48 (+36) [x3]
   301 | D        | Bought a scintillating bone ring for 45 gold pieces
   302 | D        | Identified the ring "Teerphaba" {Wiz Int+1 Dex+1} (You bought it in a shop in the Dungeon)
   354 | D        | Round 3.
   365 | D        | Reached skill level 1 in Throwing
   418 | D        | Received a gift from Trog
   426 | D        | Received a gift from Trog
   453 | D        | Noticed a queen bee
   464 | D        | Killed a queen bee
   464 | D        | Arena points: 132 (+84) [x4]
   464 | D        | Reached skill level 5 in Throwing
   464 | D        | Reached skill level 5 in Dodging
   464 | D        | Reached XP level 8. HP: 35/88 MP: 8/8
   467 | D        | Received a gift from Trog
   496 | D        | Round 4.
   651 | D        | Arena points: 160 (+28) [x1]
   666 | D        | Round 5.
   667 | D        | Bought a coiled iron ring for 45 gold pieces
   667 | D        | Bought a clouded ivory ring for 45 gold pieces
   668 | D        | Identified the ring "Coattyqu" {+Rage rF+ Int-3 Stlth-} (You bought it in a shop in the Dungeon)
   670 | D        | Identified the ring "Loudis" {rN+ Str+3 Stlth+} (You bought it in a shop in the Dungeon)
   672 | D        | Bought a transparent platinum ring for 45 gold pieces
   673 | D        | Identified the ring of Ropsuha {Wiz Contam +Blink rF+ rN+ MR++ Dex+2} (You bought it in a shop in the Dungeon)
   677 | D        | Noticed a giant anaconda
   689 | D        | HP: 3/88 [giant anaconda (15)]
   689 | D        | HP: 1/88 [giant anaconda (2)]
   700 | D        | Killed a giant anaconda
   700 | D        | Arena points: 280 (+120) [x3]
   700 | D        | Reached skill level 10 in Dodging
   700 | D        | Reached XP level 9. HP: 30/96 MP: 9/9
   710 | D        | Got a serpentine rune of Zot
   715 | D        | Reached XP level 10. HP: 43/104 MP: 9/19
   872 | D        | Round 6.
   882 | D        | Received a gift from Trog
   882 | D        | Reached skill level 10 in Throwing
   924 | D        | Received a gift from Trog
   996 | D        | Arena points: 496 (+216) [x4]
  1015 | D        | Bought a faintly glowing hat for 315 gold pieces
  1020 | D        | Identified the +0 hat of Defence {Str+3} (You bought it in a shop in the Dungeon)
  1042 | D        | Round 7.
  1057 | D        | Noticed a rust devil
  1066 | D        | Killed a rust devil
  1066 | D        | Reached XP level 11. HP: 97/113 MP: 20/20
  1078 | D        | Received a gift from Trog
  1085 | D        | Reached skill level 10 in Fighting
  1121 | D        | Mangled by a boulder beetle

Action                   |  1- 3 |  4- 6 |  7- 9 | 10-12 || total
-------------------------+-------+-------+-------+-------++-------
Melee: Giant spiked club |    23 |       |    56 |     5 ||    84
       Dire flail        |       |       |       |    54 ||    54
Throw: Tomahawk          |       |       |    12 |    12 ||    24
Invok: Trog's Hand       |     1 |       |     8 |     4 ||    13
       Berserk           |     1 |       |       |       ||     1
       Brothers in Arms  |       |       |       |     1 ||     1
Evoke: Wand              |       |       |     2 |     2 ||     4
  Use: Potion            |       |       |     4 |       ||     4
 Stab: Distracted        |       |       |     1 |       ||     1
       Confused          |       |       |     2 |       ||     2
  Eat: Chunk             |       |       |     2 |     2 ||     4
